 Dungeon Crawl Stone Soup version 0.30-a0-930-gb9d0489357 (webtiles) character file.

Game seed: 10442926857919057835

2216 Darkkill the Skirmisher (level 9, -9/80 HPs)
             Began as a Minotaur Hunter on Mar 23, 2023.
             Was an Initiate of Gozag.
             Mangled by an orc knight
             ... wielding a +0 war axe
              (21 damage)
             ... in a bailey.
             The game lasted 00:07:48 (6295 turns).

Darkkill the Skirmisher (Minotaur Hunter)           Turns: 6295, Time: 00:07:49

Health: -9/80      AC:  6    Str: 16    XL:     9   Next: 13%
Magic:  8/8        EV: 15    Int:  8    God:    Gozag
Gold:   382        SH:  0    Dex: 18    Spells: 8/8 levels left

rFire   + . .      SeeInvis .    a - +0 shortbow (flame)
rCold   . . .      Faith    .    (shield currently unavailable)
rNeg    . . .      Spirit   .    c - +0 leather armour
rPois   .          Reflect  .    (helmet restricted)
rElec   .          Rampage  .    i - scarf of the Ditch-Digger {harm, Drain rF+ Int+2 Stlth+}
rCorr   .          Harm     + .  g - +0 pair of gloves
Will    .....                    k - +1 pair of boots
Stlth   ++++                     (no amulet)
HPRegen 0.33/turn                (no ring)
MPRegen 0.11/turn                (no ring)

@: no status effects
A: horns 2, retaliatory headbutt
a: Renounce Religion, Potion Petition, Call Merchant, Bribe Branch


You were in a bailey.
You worshipped Gozag.
Gozag was aware of your devotion.
You visited 2 branches of the dungeon, and saw 8 of its levels.
You also visited: Bailey.

You collected 481 gold pieces.
You paid 99 gold pieces to Gozag.

Inventory:

Hand Weapons
 a - a +0 shortbow of flaming (weapon)
Missiles
 d - 130 stones
 m - 4 throwing nets {=f !f}
 u - 7 curare-tipped darts {=f !f}
 v - 9 poisoned darts
Armour
 c - a +0 leather armour (worn)
 g - a +0 pair of gloves (worn)
 i - the scarf of the Ditch-Digger (worn) {harm, Drain rF+ Int+2 Stlth+}
   (You acquired it on level 3 of the Dungeon)

   Int:       It affects your intelligence (+2).
   rF:        It protects you from fire.
   Drain:     It drains your maximum health when unequipped.
   Stlth:     It makes you more stealthy.
 k - a +1 pair of boots (worn)
Magical Staves
 w - a staff of death
Wands
 s - a wand of charming (6)
Scrolls
 b - 2 scrolls of immolation
 e - 4 scrolls of identify {@r1}
Potions
 h - 3 potions of curing {@q1}
 j - a potion of cancellation
 l - a potion of berserk rage
 n - 4 potions of magic
 o - 2 potions of haste
 p - a potion of attraction
 q - a potion of ambrosia
 r - 2 potions of resistance {unknown}
 t - a potion of lignification {unknown}


   Skills:
 + Level 7.6 Fighting
 + Level 8.0 Ranged Weapons
 + Level 6.9 Dodging
 + Level 5.5 Stealth


You had 8 spell levels left.
You didn't know any spells.
Your spell library contained the following spells:

 Spells                   Type           Power      Damage    Failure   Level
 Slow                     Hex            0%         N/A       47%         1
 Confusing Touch          Hex            0%         N/A       85%         3
 Ozocubu's Armour         Ice            0%         N/A       85%         3
 Stone Arrow              Conj/Erth      0%         3d7       85%         3
 Vampiric Draining        Necr           0%         2d6       85%         3
 Animate Armour           Summ/Erth      0%         N/A       99%         4
 Ozocubu's Refrigeration  Ice            0%         4d7       100%        7
 Lehudib's Crystal Spear  Conj/Erth      0%         10d2      100%        8


Dungeon Overview and Level Annotations

Branches:
Dungeon (7/15)             Temple (1/1) D:6          Bailey (1/1)

Altars:
Ashenzari
Cheibriados
Dithmenos
Elyvilon
Fedhas
Gozag
Hepliaklqana
Kikubaaqudgha
Makhleb
Nemelex Xobeh
Okawaru
Qazlal
Ru
Sif Muna
Uskayaw
Vehumet
Wu Jian
Xom
Yredelemnul
Zin
The Shining One

Shops:
D:3 *   D:4 (

Annotations:
D:6 1 runed translucent door, Crazy Yiuf


Innate Abilities, Weirdness & Mutations

You have a pair of horns on your head.
You reflexively headbutt those who attack you in melee.


Message History

Your orc knight hits the hobgoblin with a +0 war axe!
The hobgoblin dies!
You swap places.
The hobgoblin barely misses you.
The hobgoblin hits your orc knight with a +0 war axe.
The hobgoblin attacks as you move away! The hobgoblin barely misses you.
The hobgoblin hits your orc knight but does no damage.
Your orc knight hits the hobgoblin with a +0 war axe!
The hobgoblin dies!
Your orc knight hits the hobgoblin with a +0 war axe!
The hobgoblin dies!
The hobgoblin barely misses your orc knight.
Your orc knight barely misses the hobgoblin.
The hobgoblin hits your orc knight but does no damage.
Your orc knight hits the hobgoblin with a +0 war axe!!
The hobgoblin dies!
You swap places.
You now have 382 gold pieces (gained 10).
Items here: )) [[.
The orc warrior is distracted by your dazzling golden aura.
Things that are here:
8 gold pieces; a +0 hand axe; a +0 leather armour The orc warrior is no longer distracted by gold.
Your orc knight hits something with a +0 war axe.
Something barely misses your orc knight.
Your orc knight hits the orc with a +0 war axe!
The orc dies!
Your orc knight barely misses something.
Your orc knight hits something with a +0 war axe!!
Something hits your orc knight.
Your orc knight hits something with a +0 war axe!!
You feel a bit more experienced.
The orc knight is no longer charmed.
There is an open gate here.
Fire: a) +0 shortbow (flame)
Press: ? - help, Q - select action, (/) - cycle Shift-Dir - straight line, f - orc knight
Aim: an orc knight, wielding a +0 war axe and wearing a +0 plate armour (moderately wounded, 68% to hit)
You shoot an arrow.
The arrow completely misses the orc knight.
Fire: a) +0 shortbow (flame)
Press: ? - help, Q - select action, (/) - cycle Shift-Dir - straight line, f/p - orc knight
Aim: an orc knight, wielding a +0 war axe and wearing a +0 plate armour (moderately wounded, 68% to hit)
You shoot an arrow. The arrow barely misses the orc knight.
Fire: a) +0 shortbow (flame)
Press: ? - help, Q - select action, (/) - cycle Shift-Dir - straight line, f/p - orc knight
Aim: an orc knight, wielding a +0 war axe and wearing a +0 plate armour (moderately wounded, 68% to hit)
You shoot an arrow. The arrow barely misses the orc knight.
Fire: a) +0 shortbow (flame)
Press: ? - help, Q - select action, (/) - cycle Shift-Dir - straight line, f/p - orc knight
Aim: an orc knight, wielding a +0 war axe and wearing a +0 plate armour (moderately wounded, 68% to hit)
You shoot an arrow. The arrow barely misses the orc knight.
The orc knight barely misses you.
Fire: a) +0 shortbow (flame)
Press: ? - help, Q - select action, (/) - cycle Shift-Dir - straight line, f/p - orc knight
Aim: an orc knight, wielding a +0 war axe and wearing a +0 plate armour (moderately wounded, 68% to hit)
You shoot an arrow.
The arrow closely misses the orc knight.
The orc knight hits you with a +0 war axe!!
Fire: a) +0 shortbow (flame)
Press: ? - help, Q - select action, (/) - cycle Shift-Dir - straight line, f/p - orc knight
Aim: an orc knight, wielding a +0 war axe and wearing a +0 plate armour (moderately wounded, 68% to hit)
You shoot an arrow. The arrow barely misses the orc knight.
The orc knight barely misses you.
Fire: a) +0 shortbow (flame)
Press: ? - help, Q - select action, (/) - cycle Shift-Dir - straight line, f/p - orc knight
Aim: an orc knight, wielding a +0 war axe and wearing a +0 plate armour (moderately wounded, 68% to hit)
You shoot an arrow.
The arrow hits the orc knight but does no damage.
The orc knight is moderately wounded.
The orc knight hits you with a +0 war axe!
You feel much better.
The orc knight hits you with a +0 war axe!
Fire: a) +0 shortbow (flame)
Press: ? - help, Q - select action, (/) - cycle Shift-Dir - straight line, f/p - orc knight
Aim: an orc knight, wielding a +0 war axe and wearing a +0 plate armour (moderately wounded, 68% to hit)
You shoot an arrow.
The arrow hits the orc knight but does no damage.
The orc knight is moderately wounded.
The orc knight hits you with a +0 war axe.
Fire: a) +0 shortbow (flame)
Press: ? - help, Q - select action, (/) - cycle Shift-Dir - straight line, f/p - orc knight
Aim: an orc knight, wielding a +0 war axe and wearing a +0 plate armour (moderately wounded, 68% to hit)
You shoot an arrow.
The arrow hits the orc knight but does no damage.
The orc knight is moderately wounded.
The orc knight hits you with a +0 war axe!!
* * * LOW HITPOINT WARNING * * *
You feel much better. The orc knight barely misses you.
Aiming: Charm
Press: ? - help, Q - select action, (/) - cycle Shift-Dir - straight line, f/p - orc knight
Aim: an orc knight, wielding a +0 war axe and wearing a +0 plate armour (moderately wounded, chance to affect: 31%)
The orc knight easily resists.
The orc knight hits you with a +0 war axe!
* * * LOW HITPOINT WARNING * * *
Aiming: Charm
Press: ? - help, Q - select action, (/) - cycle Shift-Dir - straight line, f/p - orc knight
Aim: an orc knight, wielding a +0 war axe and wearing a +0 plate armour (moderately wounded, chance to affect: 31%)
The orc knight easily resists.
The orc knight hits you with a +0 war axe!!
You die...
Your body crumbles into a pile of gold.

.$....... ♣♣♣♣
###$$...... ♣♣..♣♣♣♣♣
###.#'#
♣.......♣###.....###
♣.......##.........##
♣♣.......#......)....#$$
♣........'...).......#$$
♣..∩.∩..'...).⌠.....# $
♣.......@o...)......#$$
♣........#...........#$$
♣♣.......##.........##
♣.....♣.♣###...$)###
♣♣....♣♣♣ ###.#$# ♣♣♣♣♣♣
###.$.....g ...o.o...
#......... #.....⌠...


You could see an orc knight.

Vanquished Creatures
  A steam dragon (D:6)
  Menkaure (D:6)
  An ice beast (D:6)
  A sky beast (D:6)
  3 black bears
  2 ogres
  An orc warrior (Bailey)
  A kobold brigand (D:7)
  A bullfrog (D:6)
  3 scorpions
  A howler monkey (D:5)
  A hound (D:6)
  An orc priest (D:7)
  2 gnoll boudas (D:6)
  2 jellies
  5 iguanas
  3 orc wizards
  9 gnolls
  13 adders
  2 shadow imps (D:6)
  2 worms
  23 orcs
  3 endoplasms
  2 giant cockroaches
  8 goblins
  7 hobgoblins
  14 kobolds
  7 quokkas
  4 ball pythons
  9 bats
  4 frilled lizards
  2 rats
139 creatures vanquished.

Vanquished Creatures (collateral kills)
  An orc warrior (Bailey)
  A gnoll (Bailey)
  An orc (Bailey)
  A goblin (Bailey)
  4 hobgoblins (Bailey)
8 creatures vanquished.

Vanquished Creatures (others)
  An orc warrior (D:6)
1 creature vanquished.

Grand Total: 148 creatures vanquished

Notes
Turn   | Place    | Note
-------+----------+-------------------------------------------
     0 | D:1      | Darkkill the Minotaur Hunter began the quest for the Orb.
     0 | D:1      | Reached XP level 1. HP: 18/18 MP: 0/0
   130 | D:1      | Reached skill level 1 in Stealth
   134 | D:1      | HP: 3/18 [kobold/+0 short sword (2)]
   214 | D:1      | Reached XP level 2. HP: 22/25 MP: 1/1
   840 | D:2      | Reached XP level 3. HP: 31/31 MP: 2/2
  1143 | D:2      | Reached XP level 4. HP: 32/38 MP: 3/3
  1529 | D:3      | Found a burning altar of Makhleb.
  1722 | D:3      | Identified a scroll of acquirement
  1722 | D:3      | Acquired the scarf of the Ditch-Digger {harm, Drain rF+
                  | Int+2 Stlth+}
  2145 | D:3      | Found Otsimir's General Store.
  2307 | D:3      | Reached skill level 5 in Ranged Weapons
  2700 | D:4      | Reached XP level 5. HP: 46/46 MP: 4/4
  2773 | D:4      | Found Yreadghiku's Antique Weapon Shop.
  2966 | D:4      | You fall into a shaft and drop 1 floor!
  2966 | D:5      | Entered Level 5 of the Dungeon
  3029 | D:5      | Noticed an ogre
  3055 | D:5      | Reached XP level 6. HP: 18/53 MP: 5/5
  3625 | D:4      | Reached skill level 5 in Fighting
  3625 | D:4      | Reached skill level 6 in Ranged Weapons
  3625 | D:4      | Reached XP level 7. HP: 33/61 MP: 6/6
  4371 | D:5      | Reached skill level 5 in Dodging
  4710 | D:6      | Noticed Menkaure
  4720 | D:6      | Killed Menkaure
  4721 | D:6      | Reached XP level 8. HP: 27/70 MP: 7/7
  4858 | D:6      | Found a white marble altar of Elyvilon.
  5072 | D:6      | Reached skill level 7 in Ranged Weapons
  5077 | D:6      | HP: 14/70 [ogre/+0 giant spiked club (26)]
  5080 | D:6      | HP: 4/70 [ice beast (10)]
  5105 | D:6      | Reached skill level 5 in Stealth
  5292 | D:6      | Found a runed translucent door.
  5293 | D:6      | Noticed Crazy Yiuf
  5322 | D:6      | Found a staircase to the Ecumenical Temple.
  5383 | Temple   | Entered the Ecumenical Temple
  5392 | Temple   | Became a worshipper of Gozag Ym Sagoz the Greedy
  5625 | D:6      | Found an iron altar of Okawaru.
  6089 | D:7      | Reached XP level 9. HP: 72/79 MP: 8/8
  6177 | D:7      | Found a flagged portal.
  6186 | Bailey   | Entered a bailey
  6226 | Bailey   | Noticed an orc knight
  6242 | Bailey   | Reached skill level 8 in Ranged Weapons
  6292 | Bailey   | HP: 12/80 [orc knight/+0 war axe (24)]
  6295 | Bailey   | Mangled by an orc knight

Illustrated notes

Levels and vault maps discovered:
D:1:      dpeg_arrival_signposts, layout_basic
D:2:      layout_loops_cross, minmay_tetromino_o4
D:3:      layout_loops_corners, mainiacjoe_overflow_concentric_impassable,
          serial_shops, shop_fountains, grunt_decor_clamped
D:4:      layout_loops_cross, nicolae_take_the_stairs
D:5:      layout_loops_ring, nicolae_figureground_pulse
D:6:      layout_loops_corners, mainiacjoe_overflow_catwalk,
          okawaru_altar_gauntlet_db, minmay_temple_entry_ruins, st_stairs_11,
          minmay_misc_feat_secret_circle, eino_curves_03, minmay_door_square,
          minmay_alternating_orb, uniq_crazy_yiuf_cottage, uniq_menkaure
D:7:      nicolae_cairo_tiling_large, layout_gridville,
          trog_three_pillars_becter, enter_bailey_2, minmay_misc_feat_hallway,
          uniq_pikel
Temple:   nicolae_temple_no_exploring_needed
Bailey:   bailey_axe_minmay_hex_keep, bailey

Skill      XL: |  1  2  3  4  5  6  7  8  9 |
---------------+----------------------------+-----
Stealth        | 1 2 3 4 5 |  5.5
Fighting       | 3 4 5 6 7 |  7.6
Dodging        | 3 4 5 6 |  6.9
Ranged Weapons | 5 6 7 8 |  8.0

Action                     |  1- 3 |  4- 6 |  7- 9 || total
---------------------------+-------+-------+-------++-------
   Fire: Shortbow          |    95 |   140 |   203 ||   438
  Evoke: Wand              |       |       |     8 ||     8
    Use: Scroll            |     1 |    12 |    13 ||    26
         Potion            |       |       |     9 ||     9
 Armour: Leather armour    |    16 |    12 |    21 ||    49
  Dodge: Dodged            |    45 |    38 |    64 ||   147

Table legend: (Time is in decaauts)
 A = Elapsed time spent in this place.
 B = Non-inter-level travel time spent in this place.
 C = Inter-level travel time spent in this place.
 D = Time resting spent in this place.
 E = Time spent auto-exploring this place.
 F = Levels seen in this place.
 G = Mean time per level.
                   A        B        C        D        E       F      G
               +--------+--------+--------+--------+--------+-----+--------+
         Total |   6404 |   6083 |    321 |    232 |   4856 |   9 |  711.6 |
       Dungeon |   6272 |   5967 |    305 |    232 |   4856 |   7 |  896.0 |
        Temple |     18 |      2 |     16 |      0 |      0 |   1 |   18.0 |
        Bailey |    113 |    113 |      0 |      0 |      0 |   1 |  113.0 |
               +--------+--------+--------+--------+--------+-----+--------+

Top non-repeatable levels by time:
     D:6: 1450 daAuts
     D:4: 1192 daAuts
     D:3: 1046 daAuts
     D:5: 888 daAuts
     D:2: 819 daAuts
     D:1: 683 daAuts
     D:7: 190 daAuts
  Bailey: 113 daAuts
  Temple: 18 daAuts

Table legend:
 A = Kills in this place as a percentage of kills in the entire game.
 B = Kills by you in this place as a percentage of kills by you in the entire game.
 C = Kills by friends in this place as a percentage of kills by friends in the entire game.
 D = Other kills in this place as a percentage of other kills in the entire game.
 E = Experience gained in this place as a percentage of experience gained in the entire game.
 F = Experience gained in this place divided by the number of levels of this place that you have seen.
                   A       B       C       D       E      F
               +-------+-------+-------+-------+-------+----------------------
         Total | 100.0 | 100.0 | 100.0 | 100.0 | 100.0 | 351.9
       Dungeon |  87.8 |  92.8 |   0.0 | 100.0 |  89.6 | 405.6
        Bailey |  12.2 |   7.2 | 100.0 |   0.0 |  10.4 | 328.0
               +-------+-------+-------+-------+-------+----------------------
